 Dungeon Crawl Stone Soup version 0.28-a0-872-g80cf8599ee (webtiles) character file.

Game seed: 16899820627771039458

39 jbasstz the Skirmisher (level 3, -5/33 HPs)
             Began as a Hill Orc Fighter on Nov 20, 2021.
             Slain by a phantom (6 damage)
             ... on level 2 of the Dungeon.
             The game lasted 00:05:20 (988 turns).

jbasstz the Skirmisher (Hill Orc Fighter)            Turns: 988, Time: 00:05:21

Health: -5/33      AC:  6    Str: 19    XL:     3   Next: 47%
Magic:  3/3        EV:  9    Int:  8    God:
Gold:   73         SH:  4    Dex: 10    Spells: 2/2 levels left

rFire   . . .      SeeInvis .   a - +0 war axe
rCold   . . .      Faith    .   c - +0 buckler
rNeg    . . .      Spirit   .   b - +0 scale mail
rPois   .          Reflect  .   (no helmet)
rElec   .          Harm     .   (no cloak)
rCorr   .          Rampage  .   (no gloves)
Will    .....                   (no boots)
Stlth   ..........              (no amulet)
HPRegen 0.11/turn               (no ring)
MPRegen 0.08/turn               (no ring)

@: no status effects
A: no striking features
a: no special abilities


You were on level 2 of the Dungeon.
You visited 1 branch of the dungeon, and saw 2 of its levels.

You collected 73 gold pieces.

Inventory:

Hand Weapons
 a - a +0 war axe (weapon)
Armour
 b - a +0 scale mail (worn)
 c - a +0 buckler (worn)
Scrolls
 f - a scroll of enchant armour {unknown}
 g - 2 scrolls of enchant weapon {unknown}
 i - a scroll of identify {unknown}
 k - a scroll of vulnerability {unknown}
Potions
 d - a potion of might
 e - a potion of lignification {unknown}
 h - 2 potions of flight {unknown}
 j - 2 potions of haste {unknown}


   Skills:
 + Level 4.0 Fighting
 + Level 3.9 Axes
 + Level 3.6 Armour
 + Level 0.2 Dodging
 + Level 3.5 Shields


You had 2 spell levels left.
You didn't know any spells.
Your spell library was empty.

Dungeon Overview and Level Annotations

Branches:
Dungeon (2/15)

Altars:


Message History

You blink.
Splash!
A rat comes into view.
Your unstable footing causes you to fumble your attack.
The phantom closely misses you.
You miss the phantom. You hit the giant cockroach. You hit the plant.
The plant begins to die.
The giant cockroach bites you but does no damage.
You block the phantom's attack. The giant cockroach bites you.
The phantom hits you but does no damage.
You hit the phantom.
The phantom is lightly damaged.
You hit the giant cockroach but do no damage.
You hit the plant.
The giant cockroach bites you but does no damage.
The phantom hits you but does no damage.
The giant cockroach bites you.
A nearby plant withers and dies.
The giant cockroach bites you.
You barely miss the phantom.
The phantom is lightly damaged.
You hit the hobgoblin.
You kill the hobgoblin!
You barely miss the giant cockroach.
The phantom hits you but does no damage.
You block the giant cockroach's attack. The phantom hits you.
* * * LOW HITPOINT WARNING * * *
The giant cockroach bites you but does no damage.
You miss the phantom.
The phantom is lightly damaged.
You slash the giant cockroach!
You kill the giant cockroach!
You hit the rat.
You kill the rat!
The phantom hits you!
* * * LOW HITPOINT WARNING * * *
The rat bites you but does no damage.
You hit the phantom.
The phantom is lightly damaged.
You closely miss the rat. The phantom hits you.
You die...

....P≈≈..P≈♣♣
.♣♣P≈≈≈≈..≈≈♣♣
♣≈≈≈≈P...≈≈≈≈♣
♣≈≈≈P≈.≈..≈≈≈♣
♣≈≈≈≈≈P...≈≈♣♣
♣♣≈≈≈≈≈...≈≈P♣
♣≈≈≈≈≈≈....≈≈♣
≈P≈≈≈≈≈..r.≈P♣
≈≈≈≈≈..@W≈≈♣
≈P≈≈P....≈≈.#
♣≈≈≈≈≈...♣......
♣≈≈≈≈≈...##.####
♣≈P≈≈♣...# .#
.♣≈≈≈♣##.# #
.≈P≈ #.# ..≈≈
#.#


You could see a phantom and a rat.

Vanquished Creatures
  2 worms (D:2)
  A dart slug (D:1)
  3 ball pythons
  4 bats (D:1)
  2 endoplasms (D:2)
  3 giant cockroaches
  4 goblins (D:1)
  A hobgoblin (D:2)
  3 jackals (D:2)
  A quokka (D:2)
  A frilled lizard (D:1)
  4 rats
29 creatures vanquished.

Vanquished Creatures (others)
  A plant (D:2)
1 creature vanquished.

Grand Total: 30 creatures vanquished

Notes
Turn   | Place    | Note
-------+----------+-------------------------------------------
     0 | D:1      | jbasstz the Hill Orc Fighter began the quest for the Orb.
     0 | D:1      | Reached XP level 1. HP: 19/19 MP: 1/1
     2 | D:1      | Noticed a naga
     4 | D:1      | Noticed a troll
     6 | D:1      | Noticed a gargoyle
     6 | D:1      | Noticed a human
     8 | D:1      | Noticed an octopode
    10 | D:1      | Noticed a formicid
    10 | D:1      | Noticed a demigod
    12 | D:1      | Noticed a ghoul
    14 | D:1      | Noticed a vine stalker
    14 | D:1      | Noticed a felid
    16 | D:1      | Noticed a merfolk
    16 | D:1      | Noticed an elf
    18 | D:1      | Noticed a draconian
    18 | D:1      | Noticed an ogre
    20 | D:1      | Noticed a tengu
    24 | D:1      | Noticed a demonspawn
    24 | D:1      | Noticed a dwarf
    26 | D:1      | Noticed a vampire
    26 | D:1      | Noticed a spriggan
    28 | D:1      | Noticed a minotaur
    99 | D:1      | Found a faded altar of an unknown god.
   137 | D:1      | Reached XP level 2. HP: 21/27 MP: 2/2
   557 | D:2      | Reached XP level 3. HP: 30/33 MP: 3/3
   573 | D:2      | Reached skill level 4 in Fighting
   974 | D:2      | Noticed a phantom
   987 | D:2      | HP: 1/33 [phantom (8)]
   988 | D:2      | Slain by a phantom

Illustrated notes

Levels and vault maps discovered:
D:1:      kb_arrival_jail, layout_rooms, basic_ecumenical_altar
D:2:      layout_basic, serial_bayou_ford_a, minmay_misc_feat_tower,
          hangedman_decor_growths, grunt_ministairs_15

Skill      XL: |  1  2  3 |
---------------+----------+-----
Axes           | 3 |  3.9
Fighting       | 4 |  4.0
Armour         | |  3.6
Dodging        | |  0.2
Shields        | |  3.5

Action                   || total
-------------------------++-------
Melee: War axe           ||    94
Armor: Scale mail        ||    65
Dodge: Dodged            ||    46
Block: Buckler           ||    30

Table legend: (Time is in decaauts)
 A = Elapsed time spent in this place.
 B = Non-inter-level travel time spent in this place.
 C = Inter-level travel time spent in this place.
 D = Time resting spent in this place.
 E = Time spent auto-exploring this place.
 F = Levels seen in this place.
 G = Mean time per level.
                   A        B        C        D        E       F      G
               +--------+--------+--------+--------+--------+-----+--------+
         Total |   1021 |   1021 |      0 |      0 |    675 |   2 |  510.5 |
       Dungeon |   1021 |   1021 |      0 |      0 |    675 |   2 |  510.5 |
               +--------+--------+--------+--------+--------+-----+--------+

Top non-repeatable levels by time:
     D:1: 570 daAuts
     D:2: 450 daAuts
